AoeStats
← Michi3052

Migration

508713371Analyzed
1v1 RM · 8d ago on Sep 23, 2026· 25m 11s· 2 players
Game mode
Random Map
Map size
132×132
Population
200
Speed
Normal
Resources
Standard
Victory
Conquest
Starting age
Dark Age
Ending age
Imperial Age
RankedLock teamsTeams togetherTeam positionsShared explorationLock speedFull tech treeHidden civsTurbo modeCheats
Victory
Defeat
🇨🇭 Byzantines · Switzerland
768
+16
🇪🇸 Turks · Spain
761
-16
Michi3052
9:26 Loom
13:02 Feudal Age
13:32 Double-Bit Axe
13:39 Horse Collar
13:54 Gold Mining
16:16 Wheelbarrow
17:43 Fishing Lines
23:35 Castle Age
21:30 Fletching
22:25 Stone Mining
22:26 Town Watch
24:32 Padded Archer Armor
24:32 Gillnets
24:41 Bodkin Arrow
__Lukas__9
5:31 Loom
13:14 Feudal Age
13:50 Double-Bit Axe
13:49 Fishing Lines
17:07 Gold Mining
20:16 Castle Age
21:16 Bow Saw
22:30 Gold Shaft Mining
23:11 Forging
24:07 Medium Warships
23:18 Demolition Ship
24:21 Horse Collar
24:45 Stone Mining
Connection lost

Rejoining the realm…

Still unreachable

The connection could not be restored.

Session expired

The server has moved on; the page needs a fresh start.